 Dungeon Crawl Stone Soup version 0.28.0-53-g5a82cb258f (webtiles) character file.

Game seed: 17299901723709530546

1837 Zeld the Frost Mage (level 9, -4/57 HPs)
             Began as a Merfolk Ice Elementalist on May 21, 2022.
             Was an Initiate of Vehumet.
             Killed from afar by an electric eel (5 damage)
             ... with a bolt of electricity
             ... in a bailey.
             The game lasted 00:07:38 (11199 turns).

Zeld the Frost Mage (Merfolk Ice Elementalist)     Turns: 11199, Time: 00:07:38

Health: -4/57      AC:  6    Str:  9    XL:     9   Next: 11%
Magic:  19/19      EV: 14    Int: 18    God:    Vehumet [......]
Gold:   113        SH:  0    Dex: 14    Spells: 10/21 levels left

rFire   . . .      SeeInvis .   u - +2 dagger (venom)
rCold   . . .      Faith    .   (no shield)
rNeg    . . .      Spirit   .   l - +3 leather armour
rPois   .          Reflect  .   (no helmet)
rElec   .          Harm     .   i - scarf {repulsion}
rCorr   .          Rampage  .   (no gloves)
Will    .....                   (no boots)
Stlth   ++........              (no amulet)
HPRegen 0.19/turn               (no ring)
MPRegen 0.16/turn               (no ring)

@: repel missiles
A: (nimble swimmer 2), mertail
a: Renounce Religion


You were in a bailey.
You worshipped Vehumet.
Vehumet was noncommittal.
You visited 2 branches of the dungeon, and saw 9 of its levels.
You also visited: Bailey.

You collected 377 gold pieces.
You spent 264 gold pieces at shops.

Inventory:

Hand Weapons
 a - a +1 trident of protection
 u - a +2 dagger of venom (weapon)
Armour
 i - a scarf of repulsion (worn)
 l - a +3 leather armour (worn)
Scrolls
 b - a scroll of enchant weapon {unknown}
 c - a scroll of fear {unknown}
 d - 3 scrolls of magic mapping {unknown}
 e - 9 scrolls of identify {unknown}
 f - 2 scrolls of blinking {unknown}
 g - 3 scrolls of noise {unknown}
 k - a scroll of enchant armour {unknown}
 m - 2 scrolls of immolation {unknown}
 n - a scroll of amnesia {unknown}
Potions
 h - a potion of berserk rage {unknown}
 j - 5 potions of curing
 o - 2 potions of heal wounds
 p - 2 potions of lignification {unknown}
 q - a potion of invisibility {unknown}
 r - a potion of brilliance
 s - 3 potions of might
 t - a potion of attraction {unknown}


   Skills:
 + Level 7.2 Dodging
 - Level 2.1 Stealth
 * Level 6.9 Spellcasting
 * Level 9.2 Ice Magic


You had 10 spell levels left.
You knew the following spells:

 Your Spells              Type           Power      Damage    Failure   Level
a - Freeze                Ice            100%       1d11      1%          1
b - Frozen Ramparts       Ice            78%        1d9       1%          3
c - Ozocubu's Armour      Ice            39%        N/A       1%          3
d - Hailstorm             Conj/Ice       22%        3d7       22%         4

Your spell library contained the following spells:

 Spells                   Type           Power      Damage    Failure   Level
 Inner Flame              Hex/Fire       6%         N/A       43%         3
 Cause Fear               Hex            3%         N/A       83%         4
 Discord                  Hex            3%         N/A       100%        8


Dungeon Overview and Level Annotations

Branches:
Dungeon (8/15)             Temple (1/1) D:4          Bailey (1/1)
   Lair: D:8-11

Altars:
Ashenzari
Cheibriados
Dithmenos
Elyvilon
Fedhas
Gozag
Hepliaklqana
Kikubaaqudgha
Makhleb
Nemelex Xobeh
Okawaru
Qazlal
Ru
Sif Muna
Trog
Uskayaw
Vehumet
Wu Jian
Xom
Yredelemnul
Zin
The Shining One

Shops:
D:4 !

Annotations:
D:4 Sigmund


Innate Abilities, Weirdness & Mutations

((You are very nimble when in or above water. (Stealth+, EV+, Speed+++)))
Your lower body shifts to a powerful aquatic tail in water.


Message History

Done exploring.
There is an escape hatch in the floor here.
You slide downwards.
The hatch slams shut behind you.
You hear the roar of battle.
There is an entrance to a bailey on this level.
Hurry and find it before the portal closes forever!
Found four hand axes.
Found a flagged portal.
Unknown command.
You see here a +0 hand axe.
There is a flagged portal here.
You see here a +0 hand axe.
There is a flagged portal here.
The world spins around you as you enter the gateway.
You enter a bailey!
Found a gate leading back out of this place.
There is an empty arch of ancient stone here.
An electric eel comes into view.
Casting: Freeze (safe; 1% risk of failure)
Confirm with . or Enter, or press ? or * to list all spells.
You can't see any susceptible monsters within range! (Use Z to cast anyway.)
Your legs become a tail as you enter the water.
The electric eel shoots out a bolt of lightning at you!
The bolt of electricity hits you! The bolt of electricity misses you.
The electric eel shoots out a bolt of lightning at you!
The bolt of electricity hits you!
The electric eel shoots out a bolt of lightning at you!
The bolt of electricity hits you!
The electric eel shoots out a bolt of lightning at you!
The bolt of electricity hits you!
* * * LOW HITPOINT WARNING * * *
You start resting.
An electric eel is nearby!
The electric eel shoots out a bolt of lightning at you!
The bolt of electricity hits you.
* * * LOW HITPOINT WARNING * * *
The electric eel shoots out a bolt of lightning at you!
The bolt of electricity hits you!
* * * LOW HITPOINT WARNING * * *
The electric eel shoots out a bolt of lightning at you!
The bolt of electricity hits you.
You die...

≈≈≈≈...≈≈≈≈≈≈≈≈≈≈≈≈≈≈≈
≈≈≈≈≈...≈≈≈≈≈≈≈≈S≈≈≈≈≈≈
≈≈≈≈≈...≈≈S≈≈≈≈≈≈≈≈≈≈≈≈
≈.........≈≈≈≈≈≈≈≈≈≈≈≈
#.......#############
#.......# #.......#
#...∩...# #.....@.#
###...### #.∩.# #####


You could see an electric eel.

Vanquished Creatures
  2 black bears
  A hornet zombie (D:6)
  A necrophage (D:5)
  3 ogres
  2 centaurs (D:7)
  A phantom (D:5)
  3 scorpions
  A bullfrog zombie (D:6)
  6 hounds
  4 orc priests
  A bullfrog skeleton (D:6)
  A centaur skeleton (D:7)
  A scorpion zombie (D:5)
  2 iguanas
  7 orc wizards
  A killer bee zombie (D:7)
  5 adders
  A white imp (D:6)
  A worm (D:2)
  A dart slug (D:4)
  22 orcs
  4 endoplasms
  2 giant cockroaches
  7 goblins
  5 hobgoblins
  5 jackals
  5 quokkas
  A ball python (D:1)
  4 bats
  5 frilled lizards
  2 kobolds (D:1)
  3 rats
110 creatures vanquished.

Notes
Turn   | Place    | Note
-------+----------+-------------------------------------------
     0 | D:1      | Zeld the Merfolk Ice Elementalist began the quest for the
                  | Orb.
     0 | D:1      | Reached XP level 1. HP: 13/13 MP: 3/3
    66 | D:1      | Found a faded altar of an unknown god.
   317 | D:1      | Reached XP level 2. HP: 2/19 MP: 0/5
  1597 | D:2      | Reached XP level 3. HP: 24/24 MP: 3/6
  1601 | D:2      | Learned a level 3 spell: Frozen Ramparts
  1605 | D:2      | Learned a level 3 spell: Ozocubu's Armour
  2175 | D:2      | Reached skill level 5 in Ice Magic
  2615 | D:3      | Reached XP level 4. HP: 30/30 MP: 4/8
  2820 | D:3      | Found a burning altar of Makhleb.
  3502 | D:4      | Noticed Sigmund
  3541 | D:4      | Noticed a scorpion
  3547 | D:4      | Killed a scorpion
  3548 | D:4      | Reached XP level 5. HP: 21/35 MP: 2/10
  3790 | D:4      | Learned a level 4 spell: Hailstorm
  3935 | D:4      | Reached skill level 6 in Ice Magic
  3935 | D:4      | Reached XP level 6. HP: 31/41 MP: 3/11
  4222 | D:4      | Found Owniakhle's Distillery.
  4230 | D:4      | Bought a potion of curing for 33 gold pieces
  4230 | D:4      | Bought a potion of heal wounds for 55 gold pieces
  4230 | D:4      | Bought a potion of curing for 33 gold pieces
  4279 | D:4      | Found a glowing silver altar of Zin.
  4353 | D:4      | Found a staircase to the Ecumenical Temple.
  4362 | Temple   | Entered the Ecumenical Temple
  4763 | D:4      | Bought a potion of brilliance for 44 gold pieces
  4763 | D:4      | Bought a potion of might for 44 gold pieces
  4779 | D:5      | Entered Level 5 of the Dungeon
  4832 | D:5      | Reached XP level 7. HP: 38/46 MP: 0/13
  4834 | D:5      | Reached skill level 5 in Dodging
  5065 | D:5      | Found a shimmering altar of Xom.
  5125 | D:5      | Found a radiant altar of Vehumet.
  5152 | D:5      | Became a worshipper of Vehumet
  5261 | D:5      | Reached skill level 5 in Spellcasting
  5261 | D:5      | Reached skill level 7 in Ice Magic
  6262 | D:6      | Reached XP level 8. HP: 40/52 MP: 7/16
  6581 | D:6      | Reached skill level 8 in Ice Magic
  7360 | D:6      | Found a broken altar of Ashenzari.
  7361 | D:6      | Found an iron altar of Okawaru.
  7362 | D:6      | Found a snail-covered altar of Cheibriados.
  7363 | D:6      | Found a blossoming altar of Fedhas.
  7458 | D:4      | Bought a potion of heal wounds for 55 gold pieces
 10667 | D:7      | Reached XP level 9. HP: 41/57 MP: 19/19
 10799 | D:7      | Reached skill level 9 in Ice Magic
 11164 | D:8      | Found a flagged portal.
 11171 | Bailey   | Entered a bailey
 11198 | Bailey   | HP: 1/57 [electric eel/bolt of electricity (8)]
 11199 | Bailey   | Killed from afar by an electric eel

Illustrated notes

Levels and vault maps discovered:
D:1:      dpeg_arrival_short_road, layout_basic,
          hellmonk_ecumenical_altar_pennies_from_heaven, st_stairs_14,
          minmay_circled_x
D:2:      layout_basic
D:3:      layout_basic, lemuel_coloured_pillars_altar,
          minmay_misc_feat_more_columns
D:4:      layout_cave_pools, zin_treasury, minmay_temple_entry_antechambers,
          serial_shops, shop, minmay_ruptured, uniq_sigmund
D:5:      layout_loops_ring, mainiacjoe_overflow_boulevard,
          mainiacjoe_overflow_alcove_2
D:6:      layout_basic, mainiacjoe_overflow_alcove_3
D:7:      layout_rooms
D:8:      layout_cave_pools, david_lair_generic, enter_bailey_2, hangedman_ranch
Temple:   eino_temple_lava
Bailey:   bailey_axe_of_yendor_kennysheep, bailey

Skill      XL: |  1  2  3  4  5  6  7  8  9 |
---------------+----------------------------+-----
Dodging        | 3 4 5 7 |  7.2
Ice Magic      | 5 6 7 8 9 |  9.2
Spellcasting   | 3 4 5 6 |  6.9
Stealth        | |  2.1

Action                   |  1- 3 |  4- 6 |  7- 9 || total
-------------------------+-------+-------+-------++-------
Melee: Unarmed           |    28 |     5 |       ||    33
       Trident           |       |    13 |   100 ||   113
       Punch             |       |       |     6 ||     6
       Dagger            |       |       |   165 ||   165
 Cast: Freeze            |    60 |    32 |    42 ||   134
       Frozen Ramparts   |       |     7 |    10 ||    17
       Ozocubu's Armour  |       |     1 |     2 ||     3
       Hailstorm         |       |       |     1 ||     1
  Use: Potion            |       |       |     1 ||     1
 Stab: Sleeping          |     1 |     2 |       ||     3
Armor: Robe              |    13 |     2 |       ||    15
       Leather armour    |       |    12 |   116 ||   128
Dodge: Dodged            |    59 |    32 |   322 ||   413
       Repelled          |       |       |     3 ||     3
